NWL (28 & UNDER)
SAN DIEGO SMASHERS @ BISMARCK BARONS
09/03/2028
 
TOP OF THE 1ST
San Diego Smashers batting - Pitching for Bismarck Barons : RHP Kyle Horton
Pitching: RHP Kyle Horton
Batting: RHB Manny Torrez 0-0: Called Strike
0-1: Ball
1-1: Ball
2-1: Ground out 6-3 (Groundball, 6)
Batting: RHB Ray Rogers 0-0: DOUBLE (Flyball, 7D)
Batting: LHB Arthur MacDonald 0-0: Ball
1-0: Called Strike
1-1: Called Strike
1-2: Ball
2-2: Strikes out swinging
Batting: RHB Gerald Davis 0-0: Foul Ball, location: 2F
0-1: DOUBLE (Line Drive, 89D)
Ray Rogers scores
Batting: LHB Richard Brooks 0-0: Ball
1-0: Fly out, F6 (Line Drive, 6)
Top of the 1st over - 1 run(s), 2 hit(s), 0 error(s), 1 left on base; San Diego 1 - Bismarck 0
BOTTOM OF THE 1ST
Bismarck Barons batting - Pitching for San Diego Smashers : LHP Jorge Mora
Pitching: LHP Jorge Mora
Batting: RHB Pancho Torres 0-0: Ball
1-0: Ball
2-0: Ball
3-0: Called Strike
3-1: SINGLE (Flyball, 78S)
Batting: RHB Eugenio Maldonado 0-0: Ball
1-0: Swinging Strike
1-1: Ball
2-1: Ball
3-1: Swinging Strike
3-2: Foul Ball, location: 2F
3-2: Base on Balls
Pancho Torres to second
Batting: RHB Jason Stover 0-0: Called Strike
0-1: Ball
1-1: Ball
2-1: SINGLE (Groundball, 56) (infield hit)
Pancho Torres to third
Eugenio Maldonado to second
Batting: LHB Jesús Bueno 0-0: Called Strike
0-1: Grounds into double play, 6-4-3 (Groundball, 6)
Pancho Torres scores
Eugenio Maldonado to third
Batting: RHB Dave Anderson 0-0: Ball
1-0: Ball
2-0: Foul Ball, location: 2F
2-1: Foul Ball, location: 2F
2-2: Foul Ball, location: 2F
2-2: 2-RUN HOME RUN (Flyball, 7D), Distance : 375 ft
Batting: RHB Eric Black 0-0: Foul Ball, location: 2F
0-1: Foul Ball, location: 2F
0-2: Ball
1-2: Foul Ball, location: 2F
1-2: Ball
2-2: Fly out, F5 (Popup, 5L)
Bottom of the 1st over - 3 run(s), 3 hit(s), 0 error(s), 0 left on base; San Diego 1 - Bismarck 3
TOP OF THE 2ND
San Diego Smashers batting - Pitching for Bismarck Barons : RHP Kyle Horton
Batting: RHB Dave King 0-0: Foul Ball, location: 2F
0-1: Swinging Strike
0-2: Strikes out looking
Batting: RHB Gustavo Torres 0-0: Ground out 6-3 (Groundball, 6)
Batting: SHB Walt Rodgers 0-0: Called Strike
0-1: Ball
1-1: Called Strike
1-2: Foul Ball, location: 2F
1-2: Foul Ball, location: 2F
1-2: SOLO HOME RUN (Flyball, 9D), Distance : 359 ft
Batting: LHB Dale Miller 0-0: SINGLE (Groundball, 3D)
Batting: RHB Manny Torrez 0-0: Ball
1-0: Called Strike
1-1: Swinging Strike
1-2: Strikes out swinging
Top of the 2nd over - 1 run(s), 2 hit(s), 0 error(s), 1 left on base; San Diego 2 - Bismarck 3
BOTTOM OF THE 2ND
Bismarck Barons batting - Pitching for San Diego Smashers : LHP Jorge Mora
Batting: RHB Francisco Fernández 0-0: Ball
1-0: Ball
2-0: Called Strike
2-1: Called Strike
2-2: SINGLE (Groundball, 56D)
Batting: RHB Tomás Rivera 0-0: Called Strike
0-1: Fielders Choice at 2nd, 1-4 (Groundball, 15S)
Batting: RHB Xie-li Fong 0-0: Called Strike
0-1: Swinging Strike
0-2: Foul Ball, location: 2F
0-2: Foul Ball, location: 2F
0-2: Foul Ball, location: 2F
0-2: Ball
1-2: Foul Ball, location: 2F
1-2: Strikes out swinging
Batting: RHB Pancho Torres 0-0: Ball
1-0: Ground out U3 (Groundball, 34)
Bottom of the 2nd over - 0 run(s), 1 hit(s), 0 error(s), 1 left on base; San Diego 2 - Bismarck 3
TOP OF THE 3RD
San Diego Smashers batting - Pitching for Bismarck Barons : RHP Kyle Horton
Batting: RHB Ray Rogers 0-0: Ball
1-0: Called Strike
1-1: Ball
2-1: Called Strike
2-2: Fly out, F1 (Line Drive, 15)
Batting: LHB Arthur MacDonald 0-0: Called Strike
0-1: Swinging Strike
0-2: Foul Ball, location: 2F
0-2: Ball
1-2: SINGLE (Groundball, 4MD)
Batting: RHB Gerald Davis 0-0: Ball
1-0: Swinging Strike
1-1: Fly out, F4 (Popup, 4)
Batting: LHB Richard Brooks 0-0: Swinging Strike
0-1: Ball
1-1: Swinging Strike
1-2: Foul Ball, location: 2F
1-2: 2-RUN HOME RUN (Flyball, 9D), Distance : 365 ft
Batting: RHB Dave King 0-0: SINGLE (Groundball, 4MD)
Batting: RHB Gustavo Torres 0-0: Called Strike
0-1: Ball
1-1: Swinging Strike
1-2: Strikes out swinging
Top of the 3rd over - 2 run(s), 3 hit(s), 0 error(s), 1 left on base; San Diego 4 - Bismarck 3
BOTTOM OF THE 3RD
Bismarck Barons batting - Pitching for San Diego Smashers : LHP Jorge Mora
Batting: RHB Eugenio Maldonado 0-0: Ball
1-0: Swinging Strike
1-1: Swinging Strike
1-2: Ground out 1-3 (Groundball, 13S)
Batting: RHB Jason Stover 0-0: Ball
1-0: SINGLE (Line Drive, 6M)
Batting: LHB Jesús Bueno 0-0: Ball
Jason Stover is caught stealing 2nd base
1-0: Ball
2-0: Foul Ball, location: 2F
2-1: SINGLE (Groundball, 56D)
Batting: RHB Dave Anderson 0-0: Called Strike
0-1: Ball
1-1: Foul Ball, location: 2F
1-2: Foul Ball, location: 2F
1-2: Ball
2-2: Fielders Choice at 2nd, 5-4 (Groundball, 5)
Bottom of the 3rd over - 0 run(s), 2 hit(s), 0 error(s), 0 left on base; San Diego 4 - Bismarck 3
TOP OF THE 4TH
San Diego Smashers batting - Pitching for Bismarck Barons : RHP Kyle Horton
Batting: SHB Walt Rodgers 0-0: Called Strike
0-1: Ball
1-1: Foul Ball, location: 2F
1-2: Foul Ball, location: 2F
1-2: Ball
2-2: Foul Ball, location: 2F
2-2: Foul Ball, location: 2F
2-2: Ball
3-2: Fly out, F8 (Flyball, 8LD)
Batting: LHB Dale Miller 0-0: Ball
1-0: Swinging Strike
1-1: Ground out 4-3 (Groundball, 4)
Batting: RHB Manny Torrez 0-0: Foul Ball, location: 2F
0-1: Ball
1-1: Ball
2-1: Ground out 5-3 (Groundball, 56S)
Top of the 4th over - 0 run(s), 0 hit(s), 0 error(s), 0 left on base; San Diego 4 - Bismarck 3
BOTTOM OF THE 4TH
Bismarck Barons batting - Pitching for San Diego Smashers : LHP Jorge Mora
Batting: RHB Eric Black 0-0: Ball
1-0: Foul Ball, location: 2F
1-1: Ball
2-1: Foul Ball, location: 2F
2-2: Ball
3-2: Strikes out swinging
Batting: RHB Francisco Fernández 0-0: Called Strike
0-1: Ball
1-1: Bunt for hit - play at first, batter OUT! 3-4
Batting: RHB Tomás Rivera 0-0: Called Strike
0-1: Fly out, F2 (Popup, 25)
Bottom of the 4th over - 0 run(s), 0 hit(s), 0 error(s), 0 left on base; San Diego 4 - Bismarck 3
TOP OF THE 5TH
San Diego Smashers batting - Pitching for Bismarck Barons : RHP Kyle Horton
Batting: RHB Ray Rogers 0-0: Called Strike
0-1: Foul Ball, location: 2F
0-2: Foul Ball, location: 2F
0-2: Ball
1-2: Ball
2-2: Ball
3-2: Foul Ball, location: 2F
3-2: Foul Ball, location: 2F
3-2: Base on Balls
Batting: LHB Arthur MacDonald 0-0: Called Strike
0-1: Ball
1-1: Swinging Strike
1-2: Ball
2-2: Foul Ball, location: 2F
2-2: Fly out, F4 (Popup, 34D)
Pitching: LHP Kevin Andrews
Batting: RHB Gerald Davis 0-0: SINGLE (Groundball, 56D)
Ray Rogers to second
Batting: LHB Richard Brooks 0-0: Ball
1-0: Ball
2-0: Ball
3-0: Base on Balls
Ray Rogers to third
Gerald Davis to second
Batting: RHB Dave King 0-0: Called Strike
0-1: Called Strike
0-2: Ball
1-2: Strikes out looking
Batting: RHB Gustavo Torres 0-0: Ball
1-0: Called Strike
1-1: Ball
2-1: Ball
3-1: Base on Balls
Ray Rogers scores
Gerald Davis to third
Richard Brooks to second
Batting: SHB Walt Rodgers 0-0: Ball
1-0: Called Strike
1-1: Ball
2-1: Foul Ball, location: 2F
2-2: Ball
3-2: Foul Ball, location: 2F
3-2: SINGLE (Groundball, 34D)
Gerald Davis scores
Richard Brooks to third
Gustavo Torres to second
Richard Brooks scores
Gustavo Torres to third
Batting: LHB Dale Miller 0-0: Foul Ball, location: 2F
0-1: Foul Ball, location: 2F
0-2: Ball
1-2: Ball
2-2: Ball
3-2: SINGLE (Line Drive, 6D)
Gustavo Torres scores
Walt Rodgers to second
Walt Rodgers to third
Batting: RHB Manny Torrez 0-0: Swinging Strike
0-1: Ball
Wild Pitch!
Walt Rodgers scores
Dale Miller to second
1-1: Fly out, F7 (Flyball, 7)
Top of the 5th over - 5 run(s), 3 hit(s), 0 error(s), 1 left on base; San Diego 9 - Bismarck 3
BOTTOM OF THE 5TH
Bismarck Barons batting - Pitching for San Diego Smashers : LHP Jorge Mora
Batting: RHB Xie-li Fong 0-0: Ball
1-0: Ball
2-0: Called Strike
2-1: Called Strike
2-2: Foul Ball, location: 2F
2-2: Fly out, F8 (Flyball, 8RS)
Batting: RHB Pancho Torres 0-0: Ball
1-0: Called Strike
1-1: SINGLE (Groundball, 34D)
Batting: RHB Eugenio Maldonado 0-0: Called Strike
0-1: Ball
1-1: Foul Ball, location: 2F
1-2: Foul Ball, location: 2F
1-2: Ball
2-2: Ball
3-2: Ground out 6-3 (Groundball, 6)
Pancho Torres to second
Pitching: LHP Alejandro Flores
Batting: RHB Jason Stover 0-0: Ball
1-0: Called Strike
1-1: Ball
2-1: SINGLE (Line Drive, 8RS)
Pancho Torres to third
Runner from 3rd tries for Home, SAFE, no throw
Batting: LHB Jesús Bueno 0-0: Called Strike
Jason Stover steals 2nd base
0-1: Ball
1-1: Ground out 4-3 (Groundball, 4MD)
Bottom of the 5th over - 1 run(s), 2 hit(s), 0 error(s), 1 left on base; San Diego 9 - Bismarck 4
TOP OF THE 6TH
San Diego Smashers batting - Pitching for Bismarck Barons : LHP Kevin Andrews
Pitching: RHP Alfredo Escamilla
Batting: RHB Ray Rogers 0-0: Called Strike
0-1: Ball
1-1: Called Strike
1-2: Ball
2-2: Fly out, F6 (Line Drive, 6)
Batting: LHB Arthur MacDonald 0-0: Called Strike
0-1: Ball
1-1: Foul Ball, location: 2F
1-2: Ball
2-2: Foul Ball, location: 2F
2-2: SINGLE (Line Drive, 9LS)
Batting: RHB Gerald Davis 0-0: Ball
1-0: Ball
Arthur MacDonald steals 2nd base
2-0: Ball
3-0: Base on Balls
Batting: LHB Richard Brooks 0-0: Ball
1-0: Ball
2-0: Ball
3-0: Foul Ball, location: 2F
3-1: Base on Balls
Arthur MacDonald to third
Gerald Davis to second
Batting: RHB Dave King 0-0: Called Strike
0-1: Ball
1-1: Foul Ball, location: 2F
1-2: Ball
2-2: Ball
3-2: Base on Balls
Arthur MacDonald scores
Gerald Davis to third
Richard Brooks to second
Batting: RHB Gustavo Torres 0-0: Ball
1-0: Ball
2-0: Ball
3-0: Base on Balls
Gerald Davis scores
Richard Brooks to third
Dave King to second
Batting: SHB Walt Rodgers 0-0: Ball
1-0: Foul Ball, location: 2F
1-1: Foul Ball, location: 2F
1-2: Ball
2-2: Foul Ball, location: 2F
2-2: Ball
3-2: Strikes out swinging
Batting: LHB Dale Miller 0-0: Called Strike
0-1: Foul Ball, location: 2F
0-2: Ball
1-2: Foul Ball, location: 2F
1-2: Fly out, F7 (Flyball, 7D)
Top of the 6th over - 2 run(s), 1 hit(s), 0 error(s), 3 left on base; San Diego 11 - Bismarck 4
BOTTOM OF THE 6TH
Bismarck Barons batting - Pitching for San Diego Smashers : LHP Alejandro Flores
Batting: RHB Dave Anderson 0-0: Ball
1-0: Ball
2-0: SINGLE (Groundball, 6MD)
Batting: RHB Eric Black 0-0: Ball
1-0: Swinging Strike
1-1: Foul Ball, location: 2F
1-2: Ball
2-2: Strikes out swinging
Batting: RHB Francisco Fernández 0-0: Fielders Choice at 2nd, 6-4 (Groundball, 6)
Batting: RHB Tomás Rivera 0-0: Foul Ball, location: 2F
0-1: Fielders Choice at 2nd, 5-4 (Groundball, 5)
Bottom of the 6th over - 0 run(s), 1 hit(s), 0 error(s), 0 left on base; San Diego 11 - Bismarck 4
TOP OF THE 7TH
San Diego Smashers batting - Pitching for Bismarck Barons : RHP Alfredo Escamilla
Batting: RHB Manny Torrez 0-0: Ball
1-0: Ball
2-0: Ball
3-0: Called Strike
3-1: Base on Balls
Batting: RHB Ray Rogers 0-0: Ball
1-0: Foul Ball, location: 2F
1-1: Ball
2-1: Swinging Strike
2-2: Foul Ball, location: 2F
2-2: Ball
3-2: Base on Balls
Manny Torrez to second
Pitching: RHP Edgar Villa
Batting: LHB Arthur MacDonald 0-0: Foul Ball, location: 2F
0-1: Swinging Strike
0-2: Ball
1-2: Ball
2-2: Strikes out looking
Batting: RHB Gerald Davis 0-0: Called Strike
0-1: Foul Ball, location: 2F
0-2: Ball
1-2: Ball
2-2: Ball
3-2: Strikes out swinging
Batting: LHB Richard Brooks 0-0: Called Strike
0-1: 3-RUN HOME RUN (Flyball, 9LD), Distance : 320 ft
Batting: RHB Dave King 0-0: Foul Ball, location: 2F
0-1: Foul Ball, location: 2F
0-2: Ball
1-2: Ball
2-2: Ball
3-2: SINGLE (Groundball, 56D)
Batting: RHB Gustavo Torres 0-0: Called Strike
0-1: Ball
1-1: Foul Ball, location: 2F
1-2: Strikes out swinging
Top of the 7th over - 3 run(s), 2 hit(s), 0 error(s), 1 left on base; San Diego 14 - Bismarck 4
BOTTOM OF THE 7TH
Bismarck Barons batting - Pitching for San Diego Smashers : LHP Alejandro Flores
Batting: RHB Xie-li Fong 0-0: Ball
1-0: Called Strike
1-1: Ball
2-1: Called Strike
2-2: TRIPLE (Flyball, 78XD)
Batting: RHB Pancho Torres 0-0: Called Strike
0-1: Ball
1-1: Called Strike
1-2: Strikes out swinging
Batting: RHB Eugenio Maldonado 0-0: Called Strike
0-1: Foul Ball, location: 2F
0-2: Ball
1-2: Ball
2-2: Foul Ball, location: 2F
2-2: Foul Ball, location: 2F
2-2: Ground out 1-3 (Groundball, 15S)
Batting: RHB Jason Stover 0-0: Called Strike
0-1: Ball
1-1: Called Strike
1-2: Ground out 6-3 (Groundball, 6)
Bottom of the 7th over - 0 run(s), 1 hit(s), 0 error(s), 1 left on base; San Diego 14 - Bismarck 4
TOP OF THE 8TH
San Diego Smashers batting - Pitching for Bismarck Barons : RHP Edgar Villa
Batting: SHB Walt Rodgers 0-0: Ground out 6-3 (Groundball, 6)
Pinch Hitting: LHB Steven Smith 0-0: Ball
1-0: Called Strike
1-1: Called Strike
1-2: Ball
2-2: Ball
3-2: Strikes out swinging
Batting: RHB Manny Torrez 0-0: Called Strike
0-1: Fly out, F8 (Flyball, 8LM)
Top of the 8th over - 0 run(s), 0 hit(s), 0 error(s), 0 left on base; San Diego 14 - Bismarck 4
BOTTOM OF THE 8TH
Bismarck Barons batting - Pitching for San Diego Smashers : LHP Alejandro Flores
Pitching: RHP Norberto Deleón
Now at 1B: Steven Smith
Batting: LHB Jesús Bueno 0-0: Called Strike
0-1: Ball
1-1: Ball
2-1: Ball
3-1: Called Strike
3-2: Base on Balls
Batting: RHB Dave Anderson 0-0: Ball
1-0: Ball
2-0: Fly out, F8 (Flyball, 89D)
Batting: RHB Eric Black 0-0: Ball
1-0: Ball
2-0: Called Strike
2-1: SINGLE (Groundball, 6MD)
Jesús Bueno to second
Batting: RHB Francisco Fernández 0-0: Fly out, F8 (Flyball, 8RM)
Batting: RHB Tomás Rivera 0-0: Ball
1-0: Foul Ball, location: 2F
1-1: Ball
2-1: Fielders Choice at 2nd, 4-6 (Groundball, 4)
Bottom of the 8th over - 0 run(s), 1 hit(s), 0 error(s), 1 left on base; San Diego 14 - Bismarck 4
TOP OF THE 9TH
San Diego Smashers batting - Pitching for Bismarck Barons : RHP Edgar Villa
Batting: RHB Ray Rogers 0-0: Ball
1-0: Foul Ball, location: 2F
1-1: Foul Ball, location: 2F
1-2: Ball
2-2: Ball
3-2: Strikes out swinging
Batting: LHB Arthur MacDonald 0-0: Ball
1-0: Ball
2-0: Swinging Strike
2-1: Ball
3-1: Fly out, F9 (Flyball, 89XD)
Batting: RHB Gerald Davis 0-0: Ball
1-0: Foul Ball, location: 2F
1-1: SINGLE (Line Drive, 4MD)
Pinch Hitting: LHB John White 0-0: 2-RUN HOME RUN (Flyball, 89XD), Distance : 366 ft
Batting: RHB Dave King 0-0: Ball
1-0: Foul Ball, location: 2F
1-1: Foul Ball, location: 2F
1-2: Strikes out swinging
Top of the 9th over - 2 run(s), 2 hit(s), 0 error(s), 0 left on base; San Diego 16 - Bismarck 4
BOTTOM OF THE 9TH
Bismarck Barons batting - Pitching for San Diego Smashers : RHP Norberto Deleón
Now in RF: Bruce Shelton
Batting: RHB Xie-li Fong 0-0: Called Strike
0-1: Ball
1-1: Fly out, F8 (Flyball, 8RM)
Batting: RHB Pancho Torres 0-0: Ball
1-0: Ball
2-0: Swinging Strike
2-1: Ball
3-1: Foul Ball, location: 2F
3-2: Strikes out swinging
Batting: RHB Eugenio Maldonado 0-0: Foul Ball, location: 2F
0-1: Ball
1-1: Ball
2-1: Foul Ball, location: 2F
2-2: Strikes out swinging
Bottom of the 9th over - 0 run(s), 0 hit(s), 0 error(s), 0 left on base; San Diego 16 - Bismarck 4
Tuesday, August 8th, 2017 - OOTP Baseball 17.12 Build 75